Workbook

Sheet MEDIÇÃO 19
A1: PREFEITURA MUNICIPAL DE SÃO ROQUE DO CANAÃ Estado do Espírito Santo SECRETARIA MUNICIPAL DE OBRAS E SERVIÇOS URBANOS – SETOR DE ENGENHARIA
A2: BOLETIM DE | E2: =L8 -> MEDIÇÃO 19 | N2: DATA: 30/06/2025
A4: OBRA: CONSTRUÇÃO DO PARQUE MUNICIPAL MULTIUSO DE SÃO ROQUE DO CANAÃ | G4: CONTRATO Nº: | I4: 041/2023 | K4: Assinatura: 06/06/2023 | N4: INÍCIO: | P4: 45182
N5: TÉRMINO: | P5: 45844 | R5: 1.0844455
A6: LOCAL: BAIRRO VILA VERDE, SÃO ROQUE DO CANAÃ | G6: PERÍODO: | I6: 45778 | K6: a | L6: 45808 | N6: PRAZO: | P6: 365 DIAS + 57 DIAS (PARALIS.) + 150 DIAS + 90 DIAS
A7: EMPREITEIRA: CONSÓRCIO PARQUE DE SÃO ROQUE | I7: =L8 -> MEDIÇÃO 19 | L7: =O439 -> 15636.136 | N7: % MÊS: | O7: =K439 -> 0.0014170158 | P7: % ACUM: | Q7: =K440 -> 0.58366924
A8: ITEM | B8: ESPECIFICAÇÃO | C8: UNID. | D8: QUANT. | E8: UNIT + BDI | F8: 1º REPLANILHAMENTO | I8: ACUMULADO ANTERIOR | L8: MEDIÇÃO 19 | O8: TOTAL MEDIDO
F9: ACRÉSC. | G9: DECRÉSC. | H9: QUANT. ATUALIZADA | I9: QUANT. | J9: TOTAL | K9: % | L9: QUANT. | M9: TOTAL | N9: % | O9: QUANT. | P9: TOTAL | Q9: %
A10: 1 | B10: SERVIÇOS PRELIMINARES | M10: =SUM(M11:M13) -> 0 | P10: =SUM(P11:P13) -> 81114.499
A11: 1.1 | B11: Retirada manual de pavimento em paralelepípedos, incluindo empilhamento para reaproveitamento | C11: M2 | D11: 5151 | E11: 14.01 | H11: =D11+F11-G11 -> 5151 | I11: 5151 | J11: =I11*E11 -> 72165.51 | K11: =I11/H11 -> 1 | M11: =TRUNC((L11*E11),3) -> 0 | N11: =L11/H11 -> 0 | O11: =I11+L11 -> 5151 | P11: =TRUNC((J11+M11),3) -> 72165.51 | Q11: =K11+N11 -> 1
A12: 1.2 | B12: Demolição de edificações | C12: M2 | D12: 1000 | E12: 82.34 | H12: =D12+F12-G12 -> 1000 | I12: 0 | J12: =I12*E12 -> 0 | K12: =I12/H12 -> 0 | M12: =TRUNC((L12*E12),3) -> 0 | N12: =L12/H12 -> 0 | O12: =I12+L12 -> 0 | P12: =TRUNC((J12+M12),3) -> 0 | Q12: =K12+N12 -> 0
A13: 1.3 | B13: Desmatamento, destocamento, limpeza de área e estocagem do material de limpeza com árvores de diâmetro até 0,15 m | C13: M3 | D13: 15244 | E13: 0.58705 | H13: =D13+F13-G13 -> 15244 | I13: 15243.998 | J13: =I13*E13 -> 8948.989 | K13: =I13/H13 -> 0.99999987 | M13: =TRUNC((L13*E13),3) -> 0 | N13: =L13/H13 -> 0 | O13: =I13+L13 -> 15243.998 | P13: =TRUNC((J13+M13),3) -> 8948.989 | Q13: =K13+N13 -> 0.99999987
A14: 2 | B14: TERRAPLANAGEM | M14: =SUM(M15:M19) -> 0 | P14: =SUM(P15:P19) -> 1981305
A15: 2.1 | B15: Escavação e carga de material de jazida com escavadeira hidráulica de 1,56 m³ | C15: M3 | D15: 180632.63 | E15: 1.70145 | F15: 19874.097 | H15: =D15+F15-G15 -> 200506.73 | I15: 200506.73 | J15: =I15*E15 -> 341152.16 | K15: =I15/H15 -> 1 | M15: =TRUNC((L15*E15),3) -> 0 | N15: =L15/H15 -> 0 | O15: =I15+L15 -> 200506.73 | P15: =TRUNC((J15+M15),3) -> 341152.16 | Q15: =K15+N15 -> 1
A16: 2.2 | B16: Transporte com caminhão basculante de 10 m³ - rodovia pavimentada | C16: Tkm | D16: 900400.59 | E16: 0.85569999 | F16: 129181.63 | H16: =D16+F16-G16 -> 1029582.2 | I16: 1029582.2 | J16: =I16*E16 -> 881013.5 | K16: =I16/H16 -> 1 | M16: =TRUNC((L16*E16),3) -> 0 | N16: =L16/H16 -> 0 | O16: =I16+L16 -> 1029582.2 | P16: =TRUNC((J16+M16),3) -> 881013.5 | Q16: =K16+N16 -> 1
A17: 2.3 | B17: Compactação de aterros a 100% do proctor intermediário | C17: M3 | D17: 40895.46 | E17: 8.2087498 | F17: 12268.638 | H17: =D17+F17-G17 -> 53164.098 | I17: 53164.098 | J17: =I17*E17 -> 436410.78 | K17: =I17/H17 -> 1 | M17: =TRUNC((L17*E17),3) -> 0 | N17: =L17/H17 -> 0 | O17: =I17+L17 -> 53164.098 | P17: =TRUNC((J17+M17),3) -> 436410.78 | Q17: =K17+N17 -> 1
A18: 2.4 | B18: Enrocamento com pedra de mão, inclusive espalhamento e compactação mecânica - fornecimento e assentamento | C18: M3 | D18: 195.2 | E18: 139.39949 | F18: 300.49993 | H18: =D18+F18-G18 -> 495.69993 | I18: 495.69993 | J18: =I18*E18 -> 69100.316 | K18: =I18/H18 -> 1 | M18: =TRUNC((L18*E18),3) -> 0 | N18: =L18/H18 -> 0 | O18: =I18+L18 -> 495.69993 | P18: =TRUNC((J18+M18),3) -> 69100.316 | Q18: =K18+N18 -> 1
A19: 2.5 | B19: Espalhamento de material em bota-fora | C19: M3 | D19: 133844.34 | E19: 1.72135 | F19: 13498.289 | H19: =D19+F19-G19 -> 147342.63 | I19: 147342.63 | J19: =I19*E19 -> 253628.23 | K19: =I19/H19 -> 1 | M19: =TRUNC((L19*E19),3) -> 0 | N19: =L19/H19 -> 0 | O19: =I19+L19 -> 147342.63 | P19: =TRUNC((J19+M19),3) -> 253628.23 | Q19: =K19+N19 -> 1
A20: 3 | B20: OBRAS DE ARTES CORRENTES E DRENAGEM | M20: =SUM(M21:M40) -> 5934.696 | P20: =SUM(P21:P40) -> 1560767.5 | R20: =M20*$R$5 -> 6435.8542 | T20: =R20-M20 -> 501.15821
A21: 3.1 | B21: Corpo de bscc - seção fechada de 2,5 x 2,5 m - pré-moldado - altura do aterro de 5,00 a 7,50 m - areia e brita comerciais | C21: M | D21: 156 | E21: 4714.5688 | H21: =D21+F21-G21 -> 156 | I21: 156 | J21: =I21*E21 -> 735472.74 | K21: =I21/H21 -> 1 | M21: =TRUNC((L21*E21),3) -> 0 | N21: =L21/H21 -> 0 | O21: =I21+L21 -> 156 | P21: =TRUNC((J21+M21),3) -> 735472.74 | Q21: =K21+N21 -> 1
A22: 3.2 | B22: Boca de bscc 2,50 x 2,50 m - esconsidade 0° - areia e brita comerciais | C22: Un | D22: 2 | E22: 26973.825 | H22: =D22+F22-G22 -> 2 | I22: 2 | J22: =I22*E22 -> 53947.65 | K22: =I22/H22 -> 1 | M22: =TRUNC((L22*E22),3) -> 0 | N22: =L22/H22 -> 0 | O22: =I22+L22 -> 2 | P22: =TRUNC((J22+M22),3) -> 53947.65 | Q22: =K22+N22 -> 1
A23: 3.3 | B23: Descida d'água de cortes em degraus - dcd 01 - areia e brita comerciais | C23: M | D23: 81 | E23: 492.03148 | F23: 49 | H23: =D23+F23-G23 -> 130 | I23: 130 | J23: =I23*E23 -> 63964.093 | K23: =I23/H23 -> 1 | M23: =TRUNC((L23*E23),3) -> 0 | N23: =L23/H23 -> 0 | O23: =I23+L23 -> 130 | P23: =TRUNC((J23+M23),3) -> 63964.092 | Q23: =K23+N23 -> 1
A24: 3.4 | B24: Caixa coletora de sarjeta - ccs 01 - com grelha de concreto - tcc 01 - areia e brita comerciais | C24: Un | D24: 4 | E24: 3701.4475 | H24: =D24+F24-G24 -> 4 | I24: 4 | J24: =I24*E24 -> 14805.79 | K24: =I24/H24 -> 1 | M24: =TRUNC((L24*E24),3) -> 0 | N24: =L24/H24 -> 0 | O24: =I24+L24 -> 4 | P24: =TRUNC((J24+M24),3) -> 14805.79 | Q24: =K24+N24 -> 1
A25: 3.5 | B25: Sarjeta de canteiro central de concreto - scc 03 - areia e brita comerciais | C25: M | D25: 893 | E25: 61.074692 | H25: =D25+F25-G25 -> 893 | I25: 893 | J25: =I25*E25 -> 54539.7 | K25: =I25/H25 -> 1 | M25: =TRUNC((L25*E25),3) -> 0 | N25: =L25/H25 -> 0 | O25: =I25+L25 -> 893 | P25: =TRUNC((J25+M25),3) -> 54539.7 | Q25: =K25+N25 -> 1
A26: 3.6 | B26: Valeta de proteção de cortes com revestimento de concreto - vpc 03 - areia e brita comerciais | C26: M | D26: 373 | E26: 115.17029 | H26: =D26+F26-G26 -> 373 | I26: 373 | J26: =I26*E26 -> 42958.52 | K26: =I26/H26 -> 1 | M26: =TRUNC((L26*E26),3) -> 0 | N26: =L26/H26 -> 0 | O26: =I26+L26 -> 373 | P26: =TRUNC((J26+M26),3) -> 42958.52 | Q26: =K26+N26 -> 1
A27: 3.7 | B27: Corpo de bstc d = 0,60 m pa2 - areia, brita e pedra de mão comerciais | C27: M | D27: 119 | E27: 368.66008 | H27: =D27+F27-G27 -> 119 | I27: 119 | J27: =I27*E27 -> 43870.55 | K27: =I27/H27 -> 1 | M27: =TRUNC((L27*E27),3) -> 0 | N27: =L27/H27 -> 0 | O27: =I27+L27 -> 119 | P27: =TRUNC((J27+M27),3) -> 43870.55 | Q27: =K27+N27 -> 1
A28: 3.8 | B28: Boca de bstc d = 0,60 m - esconsidade 0° - areia extraída e brita produzida - alas esconsas | C28: Un | D28: 2 | E28: 882.06 | H28: =D28+F28-G28 -> 2 | I28: 2 | J28: =I28*E28 -> 1764.12 | K28: =I28/H28 -> 1 | M28: =TRUNC((L28*E28),3) -> 0 | N28: =L28/H28 -> 0 | O28: =I28+L28 -> 2 | P28: =TRUNC((J28+M28),3) -> 1764.12 | Q28: =K28+N28 -> 1
A29: 3.9 | B29: Dissipador de energia - deb 10 - areia, brita e pedra de mão comerciais | C29: Un | D29: 1 | E29: 6182.57 | H29: =D29+F29-G29 -> 1 | I29: 1 | J29: =I29*E29 -> 6182.57 | K29: =I29/H29 -> 1 | M29: =TRUNC((L29*E29),3) -> 0 | N29: =L29/H29 -> 0 | O29: =I29+L29 -> 1 | P29: =TRUNC((J29+M29),3) -> 6182.57 | Q29: =K29+N29 -> 1
A30: 3.10 | B30: Escavação mecânica de vala em material de 1ª categoria (Escavação para BSCC e BSTC) | C30: m³ | E30: 9.0805772 | F30: 1100.799 | H30: =D30+F30-G30 -> 1100.799 | I30: 1100.799 | J30: =I30*E30 -> 9995.89 | K30: =I30/H30 -> 1 | M30: =TRUNC((L30*E30),3) -> 0 | N30: =L30/H30 -> 0 | O30: =I30+L30 -> 1100.799 | P30: =TRUNC((J30+M30),3) -> 9995.89 | Q30: =K30+N30 -> 1
A31: 3.11 | B31: Escavação mecânica de vala em material de 1ª categoria (Escavação para Saída da galeria) | C31: m³ | E31: 9.0805772 | F31: 2159.9993 | H31: =D31+F31-G31 -> 2159.9993 | I31: 2159.9993 | J31: =I31*E31 -> 19614.04 | K31: =I31/H31 -> 1 | M31: =TRUNC((L31*E31),3) -> 0 | N31: =L31/H31 -> 0 | O31: =I31+L31 -> 2159.9993 | P31: =TRUNC((J31+M31),3) -> 19614.04 | Q31: =K31+N31 -> 1
A32: 3.12 | B32: Corpo de BSCC - seção fechada de 2,0 x 2,0 m - pré-moldado - altura do aterro de 2,50 a 5,00 m - areia e brita comerciais | C32: m | E32: 3547.9652 | F32: 24 | H32: =D32+F32-G32 -> 24 | I32: 24 | J32: =I32*E32 -> 85151.165 | K32: =I32/H32 -> 1 | M32: =TRUNC((L32*E32),3) -> 0 | N32: =L32/H32 -> 0 | O32: =I32+L32 -> 24 | P32: =TRUNC((J32+M32),3) -> 85151.164 | Q32: =K32+N32 -> 1
A33: 3.13 | B33: Gabião caixa 2 x 1 x 1,00 m Zn/Al - D = 2,7 mm - pedra de mão comercial - fornecimento e assentamento | C33: m³ | E33: 914.61084 | F33: 67.999992 | H33: =D33+F33-G33 -> 67.999992 | I33: 0 | J33: =I33*E33 -> 0 | K33: =I33/H33 -> 0 | M33: =TRUNC((L33*E33),3) -> 0 | N33: =L33/H33 -> 0 | O33: =I33+L33 -> 0 | P33: =TRUNC((J33+M33),3) -> 0 | Q33: =K33+N33 -> 0
A34: 3.14 | B34: FORNECIMENTO E APLICAÇÃO DE CONCRETO USINADO FCK=30 MPA - CONSIDERANDO BOMBEAMENTO (5% DE PERDAS JÁ INCLUÍDO NO CUSTO) (6% DE TAXA P/ CONCR. BOMBEAVEL) | C34: M3 | E34: 801.12 | F34: 241.608 | H34: =D34+F34-G34 -> 241.608 | I34: 234.2 | J34: =I34*E34 -> 187622.3 | K34: =I34/H34 -> 0.96933876 | L34: 7.408 | M34: =TRUNC((L34*E34),3) -> 5934.696 | N34: =L34/H34 -> 0.030661236 | O34: =I34+L34 -> 241.608 | P34: =TRUNC((J34+M34),3) -> 193557 | Q34: =K34+N34 -> 1
A35: 3.15 | B35: FORNECIMENTO, DOBRAGEM E COLOCAÇÃO EM FÔRMA, DE ARMADURA CA-50 A MÉDIA, DIÂMETRO DE 6.3 A 10.0 MM | C35: KG | E35: 15.73 | F35: 3432.5 | H35: =D35+F35-G35 -> 3432.5 | I35: 3432.5 | J35: =I35*E35 -> 53993.225 | K35: =I35/H35 -> 1 | M35: =TRUNC((L35*E35),3) -> 0 | N35: =L35/H35 -> 0 | O35: =I35+L35 -> 3432.5 | P35: =TRUNC((J35+M35),3) -> 53993.225 | Q35: =K35+N35 -> 1
A36: 3.16 | B36: FÔRMA DE TÁBUA DE MADEIRA DE 2.5X30.0CM, LEVANDO-SE EM CONTA UTILIZAÇÃO 3 VEZES (INCLUINDO O MATERIAL, CORTE, MONTAGEM, ESCORAMENTO E DESFORMA) | C36: M2 | E36: 119.66 | F36: 216 | H36: =D36+F36-G36 -> 216 | I36: 216 | J36: =I36*E36 -> 25846.56 | K36: =I36/H36 -> 1 | M36: =TRUNC((L36*E36),3) -> 0 | N36: =L36/H36 -> 0 | O36: =I36+L36 -> 216 | P36: =TRUNC((J36+M36),3) -> 25846.56 | Q36: =K36+N36 -> 1
A37: 3.17 | B37: ENROCAMENTO COM PEDRA DE MÃO, INCLUSIVE ESPALHAMENTO E COMPACTAÇÃO MECÂNICA - FORNECIMENTO E ASSENTAMENTO | C37: M3 | E37: 139.3995 | F37: 167.99996 | H37: =D37+F37-G37 -> 167.99996 | I37: 167.99996 | J37: =I37*E37 -> 23419.11 | K37: =I37/H37 -> 1 | M37: =TRUNC((L37*E37),3) -> 0 | N37: =L37/H37 -> 0 | O37: =I37+L37 -> 167.99996 | P37: =TRUNC((J37+M37),3) -> 23419.11 | Q37: =K37+N37 -> 1
A38: 3.18 | B38: Tirante de Aço CA-50, diâmetro de 25mm (1"), para comprimentos até 6m | C38: m | E38: 179.97961 | F38: 40 | H38: =D38+F38-G38 -> 40 | I38: 40 | J38: =I38*E38 -> 7199.1846 | K38: =I38/H38 -> 1 | M38: =TRUNC((L38*E38),3) -> 0 | N38: =L38/H38 -> 0 | O38: =I38+L38 -> 40 | P38: =TRUNC((J38+M38),3) -> 7199.184 | Q38: =K38+N38 -> 1
A39: 3.19 | B39: Fornecimento, preparo e aplicação de concreto ciclópico Fck=15MPa com 30% de pedra de mão | C39: m3 | E39: 838.64768 | F39: 112.5 | H39: =D39+F39-G39 -> 112.5 | I39: 112.5 | J39: =I39*E39 -> 94347.864 | K39: =I39/H39 -> 1 | M39: =TRUNC((L39*E39),3) -> 0 | N39: =L39/H39 -> 0 | O39: =I39+L39 -> 112.5 | P39: =TRUNC((J39+M39),3) -> 94347.863 | Q39: =K39+N39 -> 1
A40: 3.20 | B40: Encamisamento metálico de estacas, diâmetro 380mm em chapa de 6.3mm, preenchido c/ concreto auto adensável (20MPa) | C40: m | E40: 1255.7374 | F40: 24 | H40: =D40+F40-G40 -> 24 | I40: 24 | J40: =I40*E40 -> 30137.697 | K40: =I40/H40 -> 1 | M40: =TRUNC((L40*E40),3) -> 0 | N40: =L40/H40 -> 0 | O40: =I40+L40 -> 24 | P40: =TRUNC((J40+M40),3) -> 30137.697 | Q40: =K40+N40 -> 1
A41: 4 | B41: INSTALAÇÃO DO CANTEIRO DE OBRAS | M41: =SUM(M42:M52) -> 9701.44 | P41: =SUM(P42:P52) -> 151259.54 | R41: =M41*$R$5 -> 10520.683 | T41: =R41-M41 -> 819.24269
A42: 4.1 | B42: Placa de obra nas dimensões de 2.0 x 4.0 m, padrão der | C42: M2 | D42: 16 | E42: 358.29 | H42: =D42+F42-G42 -> 16 | I42: 16 | J42: =I42*E42 -> 5732.64 | K42: =I42/H42 -> 1 | M42: =TRUNC((L42*E42),3) -> 0 | N42: =L42/H42 -> 0 | O42: =I42+L42 -> 16 | P42: =TRUNC((J42+M42),3) -> 5732.64 | Q42: =K42+N42 -> 1 | T42: =T41+T20 -> 1320.4009
A43: 4.2 | B43: Aluguel mensal container para escritório, dim. 6.00x2.40m, c/ banheiro (vaso+lavat+chuveiro e básc), incl. Porta, 2 janelas, abert p/ ar cond., 2 pt iluminação, 2 tom. Elét. E 1 tom.Telef. Isolam.Térmico(teto e paredes), piso em comp. Naval, cert. Nr18, incl. Laudo descontaminação. | C43: Mês | D43: 12 | E43: 1342.6 | F43: 4 | H43: =D43+F43-G43 -> 16 | I43: 16 | J43: =I43*E43 -> 21481.6 | K43: =I43/H43 -> 1 | M43: =TRUNC((L43*E43),3) -> 0 | N43: =L43/H43 -> 0 | O43: =I43+L43 -> 16 | P43: =TRUNC((J43+M43),3) -> 21481.6 | Q43: =K43+N43 -> 1
A44: 4.3 | B44: Aluguel mensal container para almoxarifado, incl. Porta, 2 janelas, 1 pt iluminação, isolamento térmico (teto), piso em comp. Naval pintado, cert. Nr18, incl. Laudo descontaminação. | C44: Mês | D44: 12 | E44: 919.12 | F44: 4 | H44: =D44+F44-G44 -> 16 | I44: 16 | J44: =I44*E44 -> 14705.92 | K44: =I44/H44 -> 1 | M44: =TRUNC((L44*E44),3) -> 0 | N44: =L44/H44 -> 0 | O44: =I44+L44 -> 16 | P44: =TRUNC((J44+M44),3) -> 14705.92 | Q44: =K44+N44 -> 1
A45: 4.4 | B45: Aluguel mensal container para refeitorio, incl. Porta, 2 janelas, abert p/ ar cond., 2 pt iluminação, 2 tomadas elét. E 1 tomada telef. Isolamento térmico (paredes e teto), piso em comp. Naval pintado, cert. Nr18, incl. Laudo descontaminação. | C45: Mês | D45: 12 | E45: 1266.81 | F45: 4 | H45: =D45+F45-G45 -> 16 | I45: 16 | J45: =I45*E45 -> 20268.96 | K45: =I45/H45 -> 1 | M45: =TRUNC((L45*E45),3) -> 0 | N45: =L45/H45 -> 0 | O45: =I45+L45 -> 16 | P45: =TRUNC((J45+M45),3) -> 20268.96 | Q45: =K45+N45 -> 1
A46: 4.5 | B46: Aluguel mensal container sanitário, incl porta, básc, 2 ptos luz, 1 pto aterram., 3vasos, 3lavatórios, calha mictório, 6 chuveiros (1 eletrico), torn.,Registros, piso comp. Naval pintado, cert nr18 e laudo descontaminação | C46: Mês | D46: 12 | E46: 1321.9 | F46: 4 | H46: =D46+F46-G46 -> 16 | I46: 16 | J46: =I46*E46 -> 21150.4 | K46: =I46/H46 -> 1 | M46: =TRUNC((L46*E46),3) -> 0 | N46: =L46/H46 -> 0 | O46: =I46+L46 -> 16 | P46: =TRUNC((J46+M46),3) -> 21150.4 | Q46: =K46+N46 -> 1
A47: 4.6 | B47: Aluguel mensal container para vestiário, incl. Porta, venezianas de circulação, 1 pt iluminação, isolamento térmico (teto), piso em comp. Naval pintado, cert. Nr18, incl. Laudo descontaminação. | C47: Mês | D47: 12 | E47: 934.19 | F47: 4 | H47: =D47+F47-G47 -> 16 | I47: 16 | J47: =I47*E47 -> 14947.04 | K47: =I47/H47 -> 1 | M47: =TRUNC((L47*E47),3) -> 0 | N47: =L47/H47 -> 0 | O47: =I47+L47 -> 16 | P47: =TRUNC((J47+M47),3) -> 14947.04 | Q47: =K47+N47 -> 1
A48: 4.7 | B48: Mobilização e desmobilização de conteiner locado para barracão de obra | C48: Un | D48: 10 | E48: 2425.36 | H48: =D48+F48-G48 -> 10 | I48: 5 | J48: =I48*E48 -> 12126.8 | K48: =I48/H48 -> 0.5 | L48: 4 | M48: =TRUNC((L48*E48),3) -> 9701.44 | N48: =L48/H48 -> 0.4 | O48: =I48+L48 -> 9 | P48: =TRUNC((J48+M48),3) -> 21828.24 | Q48: =K48+N48 -> 0.9
A49: 4.8 | B49: Rede de água com padrão de entrada d'água diâm. 3/4", conf. Espec. Cesan, incl. Tubos e conexões para alimentação, distribuição, extravasor e limpeza, cons. O padrão a 25m, conf. Projeto (1 utilização) | C49: M | D49: 25 | E49: 66.92 | H49: =D49+F49-G49 -> 25 | I49: 25 | J49: =I49*E49 -> 1673 | K49: =I49/H49 -> 1 | M49: =TRUNC((L49*E49),3) -> 0 | N49: =L49/H49 -> 0 | O49: =I49+L49 -> 25 | P49: =TRUNC((J49+M49),3) -> 1673 | Q49: =K49+N49 -> 1
A50: 4.9 | B50: Rede de luz, incl. Padrão entrada de energia trifás., Cabo de ligação até barracões, quadro de distrib., Disj. E chave de força (quando necessário), cons. 20m entre padrão entrada e qdg, conf. Projeto (1 utilização | C50: M | D50: 20 | E50: 650.19 | H50: =D50+F50-G50 -> 20 | I50: 20 | J50: =I50*E50 -> 13003.8 | K50: =I50/H50 -> 1 | M50: =TRUNC((L50*E50),3) -> 0 | N50: =L50/H50 -> 0 | O50: =I50+L50 -> 20 | P50: =TRUNC((J50+M50),3) -> 13003.8 | Q50: =K50+N50 -> 1
A51: 4.10 | B51: Rede de esgoto, contendo fossa e filtro, inclusive tubos e conexões de ligação entre caixas, considerando distância de 25m, conforme projeto (1 utilização) | C51: M | D51: 25 | E51: 525.47 | H51: =D51+F51-G51 -> 25 | I51: 25 | J51: =I51*E51 -> 13136.75 | K51: =I51/H51 -> 1 | M51: =TRUNC((L51*E51),3) -> 0 | N51: =L51/H51 -> 0 | O51: =I51+L51 -> 25 | P51: =TRUNC((J51+M51),3) -> 13136.75 | Q51: =K51+N51 -> 1
A52: 4.11 | B52: Reservatório de poliestileno de 1000 l, incl. Suporte em madeira de 7x12cm e 8x7cm, elevado de 4m, conf. Projeto (1 utilização) | C52: Un | D52: 1 | E52: 3331.19 | H52: =D52+F52-G52 -> 1 | I52: 1 | J52: =I52*E52 -> 3331.19 | K52: =I52/H52 -> 1 | M52: =TRUNC((L52*E52),3) -> 0 | N52: =L52/H52 -> 0 | O52: =I52+L52 -> 1 | P52: =TRUNC((J52+M52),3) -> 3331.19 | Q52: =K52+N52 -> 1
A53: 5 | B53: SINALIZAÇÃO | M53: =SUM(M54:M56) -> 0 | P53: =SUM(P54:P56) -> 7822.4
A54: 5.1 | B54: Cones para sinalização, fornecimento e colocação | C54: Un | D54: 20 | E54: 160.64 | H54: =D54+F54-G54 -> 20 | I54: 20 | J54: =I54*E54 -> 3212.8 | K54: =I54/H54 -> 1 | M54: =TRUNC((L54*E54),3) -> 0 | N54: =L54/H54 -> 0 | O54: =I54+L54 -> 20 | P54: =TRUNC((J54+M54),3) -> 3212.8 | Q54: =K54+N54 -> 1
A55: 5.2 | B55: Elementos de madeira para sinalização - cavaletes | C55: Un | D55: 10 | E55: 44.76 | H55: =D55+F55-G55 -> 10 | I55: 10 | J55: =I55*E55 -> 447.6 | K55: =I55/H55 -> 1 | M55: =TRUNC((L55*E55),3) -> 0 | N55: =L55/H55 -> 0 | O55: =I55+L55 -> 10 | P55: =TRUNC((J55+M55),3) -> 447.6 | Q55: =K55+N55 -> 1
A56: 5.3 | B56: Tela de proteção de segurança de pvc cor laranja com suporte em madeira chumbado em concreto para sinalização de obras | C56: M | D56: 200 | E56: 20.81 | H56: =D56+F56-G56 -> 200 | I56: 200 | J56: =I56*E56 -> 4162 | K56: =I56/H56 -> 1 | M56: =TRUNC((L56*E56),3) -> 0 | N56: =L56/H56 -> 0 | O56: =I56+L56 -> 200 | P56: =TRUNC((J56+M56),3) -> 4162 | Q56: =K56+N56 -> 1
A57: 6 | B57: SERVIÇOS COMPLEMENTARES EXTERNOS | M57: =M58+M61 -> 0 | P57: =P58+P61 -> 3300775.8
A58: 6.1 | B58: PAVIMENTAÇÃO | M58: =SUM(M59:M60) -> 0 | P58: =SUM(P59:P60) -> 2154407.9
A59: 6.1.1 | B59: Blocos pré-moldados de concreto tipo pavi-s ou equivalente, espessura de 8 cm e resistência a compressão mínima de 35mpa, assentados sobre colchão de pó de pedra na espessura de 10 cm | C59: M2 | D59: 17393.25 | E59: 122.75 | F59: 875 | H59: =D59+F59-G59 -> 18268.25 | I59: 17393.25 | J59: =I59*E59 -> 2135021.4 | K59: =I59/H59 -> 0.95210269 | M59: =TRUNC((L59*E59),3) -> 0 | N59: =L59/H59 -> 0 | O59: =I59+L59 -> 17393.25 | P59: =TRUNC((J59+M59),3) -> 2135021.4 | Q59: =K59+N59 -> 0.95210269
A60: 6.1.2 | B60: Meio fio (assentamento), inclusive caiação | C60: M | D60: 488.2 | E60: 39.709996 | H60: =D60+F60-G60 -> 488.2 | I60: 488.2 | J60: =I60*E60 -> 19386.42 | K60: =I60/H60 -> 1 | M60: =TRUNC((L60*E60),3) -> 0 | N60: =L60/H60 -> 0 | O60: =I60+L60 -> 488.2 | P60: =TRUNC((J60+M60),3) -> 19386.42 | Q60: =K60+N60 -> 1
A61: 6.2 | B61: MURO DE CONTENÇÃO | M61: =SUM(M62:M73) -> 0 | P61: =SUM(P62:P73) -> 1146367.9
A62: 6.2.1 | B62: Fornecimento e aplicação de concreto usinado fck=30 mpa - considerando bombeamento (5% de perdas já incluído no custo) (6% de taxa p/ concr. Bombeavel) | C62: M3 | D62: 201.34 | E62: 801.12 | F62: 30 | H62: =D62+F62-G62 -> 231.34 | I62: 231.34 | J62: =I62*E62 -> 185331.1 | K62: =I62/H62 -> 1 | M62: =TRUNC((L62*E62),3) -> 0 | N62: =L62/H62 -> 0 | O62: =I62+L62 -> 231.34 | P62: =TRUNC((J62+M62),3) -> 185331.1 | Q62: =K62+N62 -> 1
A63: 6.2.2 | B63: Fornecimento, dobragem e colocação em fôrma, de armadura ca-50 a média, diâmetro de 6.3 a 10.0 mm | C63: Kg | D63: 34325.82 | E63: 15.73 | F63: 1929.0783 | H63: =D63+F63-G63 -> 36254.898 | I63: 36254.898 | J63: =I63*E63 -> 570289.54 | K63: =I63/H63 -> 1 | M63: =TRUNC((L63*E63),3) -> 0 | N63: =L63/H63 -> 0 | O63: =I63+L63 -> 36254.898 | P63: =TRUNC((J63+M63),3) -> 570289.54 | Q63: =K63+N63 -> 1
A64: 6.2.3 | B64: Fôrma de tábua de madeira de 2.5x30.0cm, levando-se em conta utilização 3 vezes (incluindo o material, corte, montagem, escoramento e desforma) | C64: M2 | D64: 1075.92 | E64: 119.65999 | F64: 180 | H64: =D64+F64-G64 -> 1255.92 | I64: 1255.92 | J64: =I64*E64 -> 150283.38 | K64: =I64/H64 -> 1 | M64: =TRUNC((L64*E64),3) -> 0 | N64: =L64/H64 -> 0 | O64: =I64+L64 -> 1255.92 | P64: =TRUNC((J64+M64),3) -> 150283.38 | Q64: =K64+N64 -> 1
A65: 6.2.4 | B65: Escavação mecânica com retroescavadeira em material de 1ª categoria | C65: m³ | E65: 8.9996611 | F65: 744 | H65: =D65+F65-G65 -> 744 | I65: 744 | J65: =I65*E65 -> 6695.7479 | K65: =I65/H65 -> 1 | M65: =TRUNC((L65*E65),3) -> 0 | N65: =L65/H65 -> 0 | O65: =I65+L65 -> 744 | P65: =TRUNC((J65+M65),3) -> 6695.747 | Q65: =K65+N65 -> 1
A66: 6.2.5 | B66: Tubo de PVC para dreno tipo barbacã - D = 75 mm - fornecimento e instalação | C66: m | E66: 18.993546 | F66: 62 | H66: =D66+F66-G66 -> 62 | I66: 62 | J66: =I66*E66 -> 1177.5998 | K66: =I66/H66 -> 1 | M66: =TRUNC((L66*E66),3) -> 0 | N66: =L66/H66 -> 0 | O66: =I66+L66 -> 62 | P66: =TRUNC((J66+M66),3) -> 1177.599 | Q66: =K66+N66 -> 1
A67: 6.2.6 | B67: Camada drenante para proteção de muros de contenção - brita comercial | C67: m³ | E67: 159.17909 | F67: 44.52 | H67: =D67+F67-G67 -> 44.52 | I67: 44.52 | J67: =I67*E67 -> 7086.6529 | K67: =I67/H67 -> 1 | M67: =TRUNC((L67*E67),3) -> 0 | N67: =L67/H67 -> 0 | O67: =I67+L67 -> 44.52 | P67: =TRUNC((J67+M67),3) -> 7086.652 | Q67: =K67+N67 -> 1
A68: 6.2.7 | B68: Transporte com caminhão basculante de 14 m³ - rodovia pavimentada (Transporte de Brita para dreno) | C68: tkm | E68: 0.76180776 | F68: 3721.872 | H68: =D68+F68-G68 -> 3721.872 | I68: 3721.87 | J68: =I68*E68 -> 2835.3494 | K68: =I68/H68 -> 0.99999946 | M68: =TRUNC((L68*E68),3) -> 0 | N68: =L68/H68 -> 0 | O68: =I68+L68 -> 3721.87 | P68: =TRUNC((J68+M68),3) -> 2835.349 | Q68: =K68+N68 -> 0.99999946
A69: 6.2.8 | B69: Concreto magro - confecção em betoneira e lançamento manual - areia e brita comerciais (Regularização) | C69: m³ | E69: 511.31504 | F69: 11.2 | H69: =D69+F69-G69 -> 11.2 | I69: 11.2 | J69: =I69*E69 -> 5726.7284 | K69: =I69/H69 -> 1 | M69: =TRUNC((L69*E69),3) -> 0 | N69: =L69/H69 -> 0 | O69: =I69+L69 -> 11.2 | P69: =TRUNC((J69+M69),3) -> 5726.728 | Q69: =K69+N69 -> 1
A70: 6.2.9 | B70: Aluguel mensal de escoramento tubular com tubos metálicos com até 10 metros de altura | C70: m³ | E70: 124.69114 | F70: 372 | H70: =D70+F70-G70 -> 372 | I70: 372 | J70: =I70*E70 -> 46385.106 | K70: =I70/H70 -> 1 | M70: =TRUNC((L70*E70),3) -> 0 | N70: =L70/H70 -> 0 | O70: =I70+L70 -> 372 | P70: =TRUNC((J70+M70),3) -> 46385.105 | Q70: =K70+N70 -> 1
A71: 6.2.10 | B71: Tirante de Aço CA-50, diâmetro de 25mm (1"), para comprimentos até 6m | C71: m | E71: 179.97961 | F71: 40 | H71: =D71+F71-G71 -> 40 | I71: 40 | J71: =I71*E71 -> 7199.1846 | K71: =I71/H71 -> 1 | M71: =TRUNC((L71*E71),3) -> 0 | N71: =L71/H71 -> 0 | O71: =I71+L71 -> 40 | P71: =TRUNC((J71+M71),3) -> 7199.184 | Q71: =K71+N71 -> 1
A72: 6.2.11 | B72: Encamisamento metálico de estacas, diâmetro 380mm em chapa de 6.3mm, preenchido c/ concreto auto adensável (20MPa) | C72: m | E72: 1255.7374 | F72: 80 | H72: =D72+F72-G72 -> 80 | I72: 80 | J72: =I72*E72 -> 100458.99 | K72: =I72/H72 -> 1 | M72: =TRUNC((L72*E72),3) -> 0 | N72: =L72/H72 -> 0 | O72: =I72+L72 -> 80 | P72: =TRUNC((J72+M72),3) -> 100458.99 | Q72: =K72+N72 -> 1
A73: 6.2.12 | B73: Fornecimento, preparo e aplicação de concreto ciclópico Fck=15MPa com 30% de pedra de mão | C73: m3 | E73: 838.64768 | F73: 75 | H73: =D73+F73-G73 -> 75 | I73: 75 | J73: =I73*E73 -> 62898.576 | K73: =I73/H73 -> 1 | M73: =TRUNC((L73*E73),3) -> 0 | N73: =L73/H73 -> 0 | O73: =I73+L73 -> 75 | P73: =TRUNC((J73+M73),3) -> 62898.575 | Q73: =K73+N73 -> 1
A74: 7 | B74: ESTACIONAMENTO | M74: =SUM(M75:M76) -> 0 | P74: =SUM(P75:P76) -> 58847.599
A75: 7.1 | B75: Blocos pré-moldados de concreto tipo pavi-s ou equivalente, espessura de 8 cm e resistência a compressão mínima de 35mpa, assentados sobre colchão de pó de pedra na espessura de 10 cm | C75: M2 | D75: 1273.56 | E75: 122.75 | H75: =D75+F75-G75 -> 1273.56 | I75: 460 | J75: =I75*E75 -> 56465 | K75: =I75/H75 -> 0.36119225 | M75: =TRUNC((L75*E75),3) -> 0 | N75: =L75/H75 -> 0 | O75: =I75+L75 -> 460 | P75: =TRUNC((J75+M75),3) -> 56465 | Q75: =K75+N75 -> 0.36119225
A76: 7.2 | B76: Meio fio (assentamento), inclusive caiação | C76: M | D76: 160.2 | E76: 39.709988 | H76: =D76+F76-G76 -> 160.2 | I76: 59.999994 | J76: =I76*E76 -> 2382.599 | K76: =I76/H76 -> 0.3745318 | M76: =TRUNC((L76*E76),3) -> 0 | N76: =L76/H76 -> 0 | O76: =I76+L76 -> 59.999994 | P76: =TRUNC((J76+M76),3) -> 2382.599 | Q76: =K76+N76 -> 0.3745318
A77: 8 | B77: RESTAURANTES E PAVILHÃO DE ALIMENTAÇÃO | M77: =M78+M82+M84+M90+M98+M101+M109+M119+M126+M134+M152+M155+M162 -> 0 | P77: =P78+P82+P84+P90+P98+P101+P109+P119+P126+P134+P152+P155+P162 -> 0
A78: 8.1 | B78: ESTRUTURA | M78: =SUM(M79:M81) -> 0 | P78: =SUM(P79:P81) -> 0
A79: 8.1.1 | B79: Fornecimento e aplicação de concreto usinado fck=30 mpa - considerando bombeamento (5% de perdas já incluído no custo) (6% de taxa p/ concr. Bombeavel) | C79: M3 | D79: 212.8 | E79: 801.11997 | H79: =D79+F79-G79 -> 212.8 | I79: 0 | J79: =I79*E79 -> 0 | K79: =I79/H79 -> 0 | M79: =TRUNC((L79*E79),3) -> 0 | N79: =L79/H79 -> 0 | O79: =I79+L79 -> 0 | P79: =TRUNC((J79+M79),3) -> 0 | Q79: =K79+N79 -> 0
A80: 8.1.2 | B80: Fornecimento, dobragem e colocação em fôrma, de armadura ca-50 a média, diâmetro de 6.3 a 10.0 mm | C80: Kg | D80: 15176 | E80: 15.73 | H80: =D80+F80-G80 -> 15176 | I80: 0 | J80: =I80*E80 -> 0 | K80: =I80/H80 -> 0 | M80: =TRUNC((L80*E80),3) -> 0 | N80: =L80/H80 -> 0 | O80: =I80+L80 -> 0 | P80: =TRUNC((J80+M80),3) -> 0 | Q80: =K80+N80 -> 0
A81: 8.1.3 | B81: Fôrma de tábua de madeira de 2.5x30.0cm, levando-se em conta utilização 3 vezes (incluindo o material, corte, montagem, escoramento e desforma) | C81: M2 | D81: 2017.9 | E81: 119.66 | H81: =D81+F81-G81 -> 2017.9 | I81: 0 | J81: =I81*E81 -> 0 | K81: =I81/H81 -> 0 | M81: =TRUNC((L81*E81),3) -> 0 | N81: =L81/H81 -> 0 | O81: =I81+L81 -> 0 | P81: =TRUNC((J81+M81),3) -> 0 | Q81: =K81+N81 -> 0
A82: 8.2 | B82: ALVENARIA DE VEDAÇÃO | M82: =SUM(M83) -> 0 | P82: =SUM(P83) -> 0
A83: 8.2.1 | B83: Alvenaria de blocos cerâmicos 10 furos 10x20x20cm, assentados c/argamassa de cimento, cal hidratada ch1 e areia traço 1:0,5:8, esp. Das juntas 12mm e esp. Das paredes s/revestimento, 10cm (bloco comprado na fábrica, posto obra) | C83: M2 | D83: 586.52 | E83: 82.679994 | H83: =D83+F83-G83 -> 586.52 | I83: 0 | J83: =I83*E83 -> 0 | K83: =I83/H83 -> 0 | M83: =TRUNC((L83*E83),3) -> 0 | N83: =L83/H83 -> 0 | O83: =I83+L83 -> 0 | P83: =TRUNC((J83+M83),3) -> 0 | Q83: =K83+N83 -> 0
A84: 8.3 | B84: COBERTURA | M84: =SUM(M85:M89) -> 0 | P84: =SUM(P85:P89) -> 0
A85: 8.3.1 | B85: Estrutura em chapa de aço astm a36 corte, solda e montagem - fornecimento e instalação | C85: Kg | D85: 2668.5 | E85: 25.13511 | H85: =D85+F85-G85 -> 2668.5 | I85: 0 | J85: =I85*E85 -> 0 | K85: =I85/H85 -> 0 | M85: =TRUNC((L85*E85),3) -> 0 | N85: =L85/H85 -> 0 | O85: =I85+L85 -> 0 | P85: =TRUNC((J85+M85),3) -> 0 | Q85: =K85+N85 -> 0
A86: 8.3.2 | B86: Cobertura nova de telhas onduladas de fibrocimento 6.0mm, inclusive cumeeiras e acessórios de fixação | C86: M2 | D86: 444.75 | E86: 78.069994 | H86: =D86+F86-G86 -> 444.75 | I86: 0 | J86: =I86*E86 -> 0 | K86: =I86/H86 -> 0 | M86: =TRUNC((L86*E86),3) -> 0 | N86: =L86/H86 -> 0 | O86: =I86+L86 -> 0 | P86: =TRUNC((J86+M86),3) -> 0 | Q86: =K86+N86 -> 0
A87: 8.3.3 | B87: Calha em chapa galvanizada com largura de 40 cm | C87: M | D87: 45.85 | E87: 277.67983 | H87: =D87+F87-G87 -> 45.85 | I87: 0 | J87: =I87*E87 -> 0 | K87: =I87/H87 -> 0 | M87: =TRUNC((L87*E87),3) -> 0 | N87: =L87/H87 -> 0 | O87: =I87+L87 -> 0 | P87: =TRUNC((J87+M87),3) -> 0 | Q87: =K87+N87 -> 0
A88: 8.3.4 | B88: Rufo de chapa metálica nº 26 com largura de 30 cm | C88: M | D88: 111.1 | E88: 49.119982 | H88: =D88+F88-G88 -> 111.1 | I88: 0 | J88: =I88*E88 -> 0 | K88: =I88/H88 -> 0 | M88: =TRUNC((L88*E88),3) -> 0 | N88: =L88/H88 -> 0 | O88: =I88+L88 -> 0 | P88: =TRUNC((J88+M88),3) -> 0 | Q88: =K88+N88 -> 0
A89: 8.3.5 | B89: Platibanda de alvenaria de bloco cerâmico 10x20x20cm, assentado com argamassa de cimento, cal hidratada ch1 e areia no traço 1:0,5:8, amarrada com pilaretes em conc. Arm. A cada 2m (h=1.0m), excl. Revest. | C89: M | D89: 114.3 | E89: 158.62992 | H89: =D89+F89-G89 -> 114.3 | I89: 0 | J89: =I89*E89 -> 0 | K89: =I89/H89 -> 0 | M89: =TRUNC((L89*E89),3) -> 0 | N89: =L89/H89 -> 0 | O89: =I89+L89 -> 0 | P89: =TRUNC((J89+M89),3) -> 0 | Q89: =K89+N89 -> 0
A90: 8.4 | B90: PONTOS HIDRO-SANITÁRIOS | M90: =SUM(M91:M97) -> 0 | P90: =SUM(P91:P97) -> 0
A91: 8.4.1 | B91: Ponto de água fria (lavatório, tanque, pia de cozinha, etc...) | C91: Pt | D91: 10 | E91: 123.27 | H91: =D91+F91-G91 -> 10 | I91: 0 | J91: =I91*E91 -> 0 | K91: =I91/H91 -> 0 | M91: =TRUNC((L91*E91),3) -> 0 | N91: =L91/H91 -> 0 | O91: =I91+L91 -> 0 | P91: =TRUNC((J91+M91),3) -> 0 | Q91: =K91+N91 -> 0
A92: 8.4.2 | B92: Ponto com registro de pressão (chuveiro, caixa de descarga, etc...) | C92: Pt | D92: 8 | E92: 272.25 | H92: =D92+F92-G92 -> 8 | I92: 0 | J92: =I92*E92 -> 0 | K92: =I92/H92 -> 0 | M92: =TRUNC((L92*E92),3) -> 0 | N92: =L92/H92 -> 0 | O92: =I92+L92 -> 0 | P92: =TRUNC((J92+M92),3) -> 0 | Q92: =K92+N92 -> 0
A93: 8.4.3 | B93: Ponto para esgoto primário (vaso sanitário) | C93: Pt | D93: 8 | E93: 162.55 | H93: =D93+F93-G93 -> 8 | I93: 0 | J93: =I93*E93 -> 0 | K93: =I93/H93 -> 0 | M93: =TRUNC((L93*E93),3) -> 0 | N93: =L93/H93 -> 0 | O93: =I93+L93 -> 0 | P93: =TRUNC((J93+M93),3) -> 0 | Q93: =K93+N93 -> 0
A94: 8.4.4 | B94: Ponto para esgoto secundário (pia, lavatório, mictório, tanque, bidê, etc...) | C94: Pt | D94: 10 | E94: 119.36 | H94: =D94+F94-G94 -> 10 | I94: 0 | J94: =I94*E94 -> 0 | K94: =I94/H94 -> 0 | M94: =TRUNC((L94*E94),3) -> 0 | N94: =L94/H94 -> 0 | O94: =I94+L94 -> 0 | P94: =TRUNC((J94+M94),3) -> 0 | Q94: =K94+N94 -> 0
A95: 8.4.5 | B95: Ponto para ralo sifonado, inclusive ralo sifonado 100 x 40 mm c/ grelha em pvc | C95: Pt | D95: 2 | E95: 109.55 | H95: =D95+F95-G95 -> 2 | I95: 0 | J95: =I95*E95 -> 0 | K95: =I95/H95 -> 0 | M95: =TRUNC((L95*E95),3) -> 0 | N95: =L95/H95 -> 0 | O95: =I95+L95 -> 0 | P95: =TRUNC((J95+M95),3) -> 0 | Q95: =K95+N95 -> 0
A96: 8.4.6 | B96: Caixas de inspeção de alv. Blocos concreto 9x19x39cm, dim, 60x60cm e hmáx = 1m, com tampa de conc. Esp. 5cm, lastro de conc. Esp. 10cm, revest intern. C/ chapisco e reboco impermeabilizado, incl. Escavação, reaterro e enchimento | C96: Un | D96: 10 | E96: 708.76 | H96: =D96+F96-G96 -> 10 | I96: 0 | J96: =I96*E96 -> 0 | K96: =I96/H96 -> 0 | M96: =TRUNC((L96*E96),3) -> 0 | N96: =L96/H96 -> 0 | O96: =I96+L96 -> 0 | P96: =TRUNC((J96+M96),3) -> 0 | Q96: =K96+N96 -> 0
A97: 8.4.7 | B97: Caixa de gordura de alv. Bloco concreto 9x19x39cm, dim.60x60cm e hmáx=1m, com tampa em concreto esp.5cm, lastro concreto esp.10cm, revestida intern. C/ chapisco e reboco impermeab, escavação, reaterro e parede interna em concreto | C97: Un | D97: 2 | E97: 760.63 | H97: =D97+F97-G97 -> 2 | I97: 0 | J97: =I97*E97 -> 0 | K97: =I97/H97 -> 0 | M97: =TRUNC((L97*E97),3) -> 0 | N97: =L97/H97 -> 0 | O97: =I97+L97 -> 0 | P97: =TRUNC((J97+M97),3) -> 0 | Q97: =K97+N97 -> 0
A98: 8.5 | B98: PLACAS, PAINÉIS DIVISÓRIOS E BANCADAS | M98: =SUM(M99:M100) -> 0 | P98: =SUM(P99:P100) -> 0
A99: 8.5.1 | B99: Bancada de granito com espessura de 2 cm | C99: M2 | D99: 9.84 | E99: 551.0498 | H99: =D99+F99-G99 -> 9.84 | I99: 0 | J99: =I99*E99 -> 0 | K99: =I99/H99 -> 0 | M99: =TRUNC((L99*E99),3) -> 0 | N99: =L99/H99 -> 0 | O99: =I99+L99 -> 0 | P99: =TRUNC((J99+M99),3) -> 0 | Q99: =K99+N99 -> 0
A100: 8.5.2 | B100: Fornecimento e instalação de divisórias novas com acabamento de chapa de fibra de madeira, sistema de montagem simplificado, espessura de 35mm e miolo em colméia no padrão painel/painel | C100: M2 | D100: 21.6 | E100: 181.16991 | H100: =D100+F100-G100 -> 21.6 | I100: 0 | J100: =I100*E100 -> 0 | K100: =I100/H100 -> 0 | M100: =TRUNC((L100*E100),3) -> 0 | N100: =L100/H100 -> 0 | O100: =I100+L100 -> 0 | P100: =TRUNC((J100+M100),3) -> 0 | Q100: =K100+N100 -> 0
A101: 8.6 | B101: PONTOS ELÉTRICOS | M101: =SUM(M102:M108) -> 0 | P101: =SUM(P102:P108) -> 0
...

Sheet MEMÓRIA DE CÁLCULO 19ª MEDIÇÃO
B2: PREFEITURA MUNICIPAL DE SÃO ROQUE DO CANAÃ
B8: MEMÓRIA DE CÁLCULO 19ª MEDIÇÃO
B9: OBRA: CONSTRUÇÃO DO PARQUE MUNICIPAL MULTIUSO DE SÃO ROQUE DO CANAÃ | D9: DATA: 03/06/2025
B10: LOCAL: BAIRRO VILA VERDE, SÃO ROQUE DO CANAÃ
B11: ITEM | C11: DESCRIÇÃO | D11: UND | E11: QUANT.
B12: 3 | C12: =VLOOKUP(B12,'MEDIÇÃO 19'!$A$10:$C$436,2,0) -> OBRAS DE ARTES CORRENTES E DRENAGEM
B13: 3.14 | C13: =VLOOKUP(B13,'MEDIÇÃO 19'!$A$10:$C$436,2,0) -> FORNECIMENTO E APLICAÇÃO DE CONCRETO USINADO FCK=30 MPA - CONSIDERANDO BOMBEAMENTO (5% DE PERDAS JÁ INCLUÍDO NO CUSTO) (6% DE TAXA P/ CONCR. BOMBEAVEL) | D13: =VLOOKUP(B13,'MEDIÇÃO 19'!$A$10:$C$436,3,0) -> M3 | E13: =SUM(D14) -> 7.408
B14: 6,18 m² x 1,20 m = 7,41m³ | D14: =VLOOKUP($B13,'MEDIÇÃO 19'!A23:Q462,12,0) -> 7.408
B16: 4 | C16: =VLOOKUP(B16,'MEDIÇÃO 19'!$A$10:$C$436,2,0) -> INSTALAÇÃO DO CANTEIRO DE OBRAS
B17: 4.7 | C17: =VLOOKUP(B17,'MEDIÇÃO 19'!$A$10:$C$436,2,0) -> Mobilização e desmobilização de conteiner locado para barracão de obra | D17: =VLOOKUP(B17,'MEDIÇÃO 19'!$A$10:$C$436,3,0) -> Un | E17: =SUM(D18) -> 4
B18: 4,00 unidades | D18: =VLOOKUP($B17,'MEDIÇÃO 19'!A25:Q464,12,0) -> 4
C24: __________________________________________________
C25: PEDRO JAYME LANI JUNIOR
C26: Assessor de Assuntos de Gestão
C27: Engenheiro Civil
C28: CREA ES 20109/D
C29: Fiscal da Obra
